 Dungeon Crawl Stone Soup version 0.25-a0-737-g26c3a87c45 (webtiles) character file.

Game seed: 8020174394105555620, levelgen mode: deterministic

66 Maedhros the Sneak (level 4, -6/28 HPs)
             Began as an Octopode Artificer on Apr 12, 2020.
             Mangled by a gnoll
             ... wielding a +0 spear
              (9 damage)
             ... on level 4 of the Dungeon.
             The game lasted 00:01:44 (1161 turns).

Maedhros the Sneak (Octopode Artificer)             Turns: 1161, Time: 00:01:44

Health: -6/28      AC:  1    Str: 11    XL:     4   Next: 15%
Magic:  6/6        EV: 13    Int: 13    God:
Gold:   88         SH:  0    Dex: 13    Spells: 3/3 levels left

rFire    . . .     SeeInvis .   a - +0 short sword
rCold    . . .     Gourm    .   (no shield)
rNeg     . . .     Faith    .   (helmet restricted)
rPois    .         Spirit   .   (no amulet)
rElec    .         Reflect  .   (no ring)
rCorr    .         Harm     .   (no ring)
MR       .....                  (no ring)
Stlth    ++++......             (no ring)
HPRegen  0.09/turn              (no ring)
MPRegen  0.10/turn              (no ring)
                                (no ring)
                                (no ring)

@: no status effects
A: almost no armour, stealthy swim, amphibious, 8 rings, constrict 8, camouflage
1, gelatinous body 1
a: no special abilities


You were on level 4 of the Dungeon.
You were not hungry.

You visited 1 branch of the dungeon, and saw 4 of its levels.

You collected 88 gold pieces.

Inventory:

Hand Weapons
 a - a +0 short sword (weapon)
Missiles
 g - 11 poisoned darts (quivered)
Wands
 b - a wand of flame (15)
 c - a wand of enslavement (9)
 d - a wand of random effects (15)
 i - a wand of polymorph (9)
Scrolls
 e - 2 scrolls of teleportation {unknown}
 j - 3 scrolls of fog {unknown}
Potions
 h - a potion of might {unknown}
 k - a potion of brilliance {unknown}
Comestibles
 f - 2 rations


   Skills:
 - Level 1.0 Fighting
 - Level 1.0 Short Blades
 - Level 2.0 Dodging
 + Level 4.1 Stealth
 + Level 2.4 Unarmed Combat
 - Level 3.2 Evocations


You had 3 spell levels left.
You didn't know any spells.
Your spell library was empty.

Dungeon Overview and Level Annotations

Branches:
Dungeon (4/15)
 Temple: D:4-7

Altars:
Zin

Annotations:
D:2 Robin


Innate Abilities, Weirdness & Mutations

You cannot wear most types of armour.
You are very stealthy in the water. (Stealth+)
You are amphibious.
You can wear up to eight rings at the same time.
You can use your tentacles to constrict eight enemies at once.
Your skin changes colour to match your surroundings (Stealth+).
Your rubbery body absorbs attacks. (AC +1, EV +1)


Message History

The gnoll hits your gnoll shaman but does no damage.
That item cannot be evoked!
Evoke which item? (* to show all) (? for menu, Esc to quit)
Okay, then.
Evoke which item? (* to show all) (? for menu, Esc to quit)
Aiming: Enslavement
Press: ? - help, Shift-Dir - straight line, p - gnoll shaman Nothing appears to happen.
Your gnoll shaman barely misses the gnoll.
The gnoll hits you from afar with a +0 spear!
The gnoll hits you with a +0 flail!
* * * LOW HITPOINT WARNING * * *
The gnoll hits your gnoll shaman. The gnoll closely misses you.
Evoke which item? (* to show all) (? for menu, Esc to quit)
Aiming: Enslavement
Press: ? - help, Shift-Dir - straight line, f - gnoll
Aim: a gnoll, wielding a +0 halberd (chance to defeat MR: 64%)
The gnoll is charmed.
The gnoll hits you from afar with a +0 spear!
You die...

...
+................
##..##....#.###.
....##....#.##
.#####.##...#....
.................
............#(.#..
#....##%........
###....##......#.
......g@.......#
#####gg##g.....#


#gh .......# .... .......# ....h........# ..####.#.......# . #.#..h###.# #. ...
.. You could see a hound, 3 gnolls, a jackal, a friendly gnoll shaman and a
friendly gnoll.

Vanquished Creatures
  An adder (D:2)
  An ooze (D:1)
  A dart slug (D:2)
  A leopard gecko (D:1)
  6 orcs
  3 bats
  A giant cockroach (D:3)
  8 hobgoblins
  3 jackals (D:2)
  2 kobolds
  A ball python (D:3)
  3 frilled lizards
  3 goblins
  4 rats (D:1)
38 creatures vanquished.

Vanquished Creatures (collateral kills)
  An orc (D:3)
1 creature vanquished.

Vanquished Creatures (others)
  An adder (D:3)
1 creature vanquished.

Grand Total: 40 creatures vanquished

Notes
Turn   | Place    | Note
-------+----------+-------------------------------------------
     0 | D:1      | Maedhros the Octopode Artificer began the quest for the
                  | Orb.
     0 | D:1      | Reached XP level 1. HP: 13/13 MP: 3/3
    74 | D:1      | Reached skill level 2 in Stealth
   124 | D:1      | Reached skill level 1 in Unarmed Combat
   124 | D:1      | Reached XP level 2. HP: 2/18 MP: 4/4
   594 | D:2      | Reached skill level 3 in Stealth
   594 | D:2      | Reached XP level 3. HP: 19/23 MP: 5/5
   636 | D:2      | Noticed Robin
   917 | D:2      | Found a glowing silver altar of Zin.
   951 | D:3      | Reached XP level 4. HP: 17/28 MP: 6/6
   956 | D:3      | Reached skill level 4 in Stealth
  1161 | D:4      | Mangled by a gnoll

Levels and vault maps discovered:
D:1:      dpeg_arrival_prison, layout_rooms, st_stairs_10
D:2:      layout_loops_corners, lemuel_round_altar, marbit_many_paths,
          grunt_qazlal_sundering, uniq_robin
D:3:      layout_loops_ring, grunt_temple_overflow_champion_of_chaos,
          nicolae_dithmenos_shadow_blocks, grunt_ministairs_9,
          minmay_hedge_maze, dk_noncrumbling_4, corexii_item_surrounded_by_moat
D:4:      layout_basic, nicolae_gozag_cash_rules_everything_around_me,
          old_standard_altar, minmay_temple_entry_offerings

Skill      XL: |  1  2  3  4 |
---------------+-------------+-----
Stealth        | 2 3 4 |  4.1
Unarmed Combat | 1 2 |  2.4
Fighting       | |  1.0
Short Blades   | |  1.0
Dodging        | |  2.0
Evocations     | |  3.2

Action                   |  1- 3 |  4- 6 || total
-------------------------+-------+-------++-------
Melee: Short sword       |    63 |     9 ||    72
       Constrict         |    20 |     4 ||    24
       Tentacles         |    11 |     3 ||    14
Evoke: Wand              |     1 |     5 ||     6
  Use: Potion            |     1 |       ||     1
 Stab: Sleeping          |     7 |       ||     7
       Distracted        |     1 |       ||     1
  Eat: Chunk             |       |     1 ||     1
Armor: Skin              |     4 |       ||     4
Dodge: Dodged            |    27 |     8 ||    35

Table legend:
 A = Non-vault XP
 B = Vault XP
 C = Vault XP percentage of total XP
 D = Non-vault monster count
 E = Vault monster count
 F = Vault count percentage of total count
                 A         B        C        D         E       F
            +---------+---------+-------+---------+---------+-------
      Total |      82 |      13 |  13.7 |      30 |      10 |  25.0
            +---------+---------+-------+---------+---------+-------
        D:1 |      24 |       4 |  14.3 |      10 |       4 |  28.6
        D:2 |      34 |       7 |  17.1 |      10 |       4 |  28.6
        D:3 |      24 |       2 |   7.7 |      10 |       2 |  16.7
            +---------+---------+-------+---------+---------+-------
